 Dungeon Crawl Stone Soup version 0.21.1-1-g345015f (webtiles) character file.

23 inc the Vexing (level 2, -1/11 HPs)
             Began as a Felid Enchanter on Feb 26, 2018.
             Slain by a hobgoblin
             ... wielding a +0 club
              (7 damage)
             ... on level 1 of the Dungeon.
             The game lasted 00:01:10 (865 turns).

inc the Vexing (Felid Enchanter)                     Turns: 865, Time: 00:01:10

Health: -1/11      AC:  1    Str:  4    XL:     2   Next: 72%
Magic:  2/6        EV: 18    Int: 16    God:
Gold:   51         SH:  0    Dex: 16    Spells: 2/5 levels left
                                        Lives:  0   Deaths: 0

rFire    . . .     SeeInvis +     - Unarmed
rCold    . . .     Gourm    .   (shield unavailable)
rNeg     . . .     Faith    .   (armour unavailable)
rPois    .         Spirit   .   (helmet unavailable)
rElec    .         Reflect  .   (cloak unavailable)
rCorr    .         Harm     .   (gloves unavailable)
MR       .....                  (boots unavailable)
Stlth    +++.......             (no amulet)
HPRegen  0.03/turn              (no ring)
MPRegen  0.10/turn              (no ring)

@: very slightly contaminated, quick
A: very small, no armour, no weapons or thrown items, stealth, claws 1, fangs 3,
see invisible, carnivore, speed 1, shaggy fur 1, slow metabolism 1, sharp paws
a: no special abilities


You were on level 1 of the Dungeon.
You were not hungry.

You visited 1 branch of the dungeon, and saw 1 of its levels.

You collected 51 gold pieces.

Inventory:

Scrolls
 c - a scroll of blinking {unknown}
 d - a scroll of identify {unknown}
 f - a scroll of remove curse {unknown}
 i - a scroll of teleportation {unknown}
Potions
 e - a potion of cancellation {unknown}
 g - a potion of resistance {unknown}
 h - a potion of lignification {unknown}
Books
 a - a book of Maledictions

   Spells                             Type                      Level
   a - Corona                         Hexes                        1
   b - Ensorcelled Hibernation        Hexes/Ice                    2
   c - Confuse                        Hexes                        3
   d - Tukima's Dance                 Hexes                        3
   e - Dazzling Spray                 Conjuration/Hexes            3
Comestibles
 b - 2 rations


   Skills:
 - Level 2.6 Dodging
 - Level 4.0 Stealth
 + Level 2.8 Unarmed Combat
 - Level 2.0 Spellcasting
 - Level 4.4 Hexes


You had 2 spell levels left.
You knew the following spells:

 Your Spells              Type           Power        Failure   Level  Hunger
a - Corona                Hex            ###....      3%          1    #......
b - Ensorcelled Hibernat  Hex/Ice        #.....       13%         2    ###....


Dungeon Overview and Level Annotations

Branches:
Dungeon (1/15)

Altars:


Innate Abilities, Weirdness & Mutations

You cannot wear armour.
You are incapable of wielding weapons or throwing items.
Your paws allow you to move quietly. (Stealth)
You have sharp claws.
You have razor-sharp teeth.
You have supernaturally acute eyesight. (SInv)
You are carnivorous and can eat meat at any time.
You cover ground quickly.
You are covered in fur. (AC +1)
You have a slow metabolism.
Your sharp claws are effective at attacking unaware monsters.


Message History

The hobgoblin barely misses you. The frilled lizard barely misses you.
Casting: Ensorcelled Hibernation
Confirm with . or Enter, or press ? or * to list all spells.
You don't have enough magic to cast that spell.
Unknown command.
You miss the frilled lizard. The hobgoblin closely misses you.
The frilled lizard misses you.
You see here a rat corpse.
There is an open door here.
You closely miss the frilled lizard.
The frilled lizard hisses.
The frilled lizard misses you.
You scratch the frilled lizard.
You kill the frilled lizard!
The hobgoblin hits you with a club.
You see here a frilled lizard corpse.
You scratch the hobgoblin but do no damage.
The hobgoblin hits you with a club!
Ouch! That really hurt!
You die...

##.......## #..####
###.
#.........####.....#
....
+...(.....+........#
###.
#.........####.....#
# #..>....# ##..###
# ##.....## ##.# #
##.††## #.# ##g##
#.# #@# #.# #.######
#.# # ##.†.(..# #.#
# #####.....#.# #.#
#
........#.#.#####.#
#####.(...........#
##..###.#######
##.....# #######


You could see a hobgoblin.

Vanquished Creatures
  2 dart slugs (D:1)
  A bat (D:1)
  A giant cockroach (D:1)
  2 goblins (D:1)
  3 hobgoblins (D:1)
  2 frilled lizards (D:1)
  5 kobolds (D:1)
  4 rats (D:1)
20 creatures vanquished.

Notes
Turn   | Place    | Note
-------+----------+-------------------------------------------
     0 | D:1      | inc the Felid Enchanter began the quest for the Orb.
     0 | D:1      | Reached XP level 1. HP: 7/7 MP: 4/4
   245 | D:1      | Reached XP level 2. HP: 11/11 MP: 6/6
   265 | D:1      | Learned a level 2 spell: Ensorcelled Hibernation
   865 | D:1      | Slain by a hobgoblin

Skill      XL: |  1 |
---------------+----+-----
Unarmed Combat | 2 |  2.8
Dodging        | |  2.6
Stealth        | |  4.0
Spellcasting   | |  2.0
Hexes          | |  4.4

Action                   || total
-------------------------++-------
Melee: Unarmed           ||    36
       Bite              ||     4
 Cast: Ensorcelled Hiber ||     9
       Corona            ||     1
 Stab: Sleeping          ||    12
Dodge: Dodged            ||    24
